 Dungeon Crawl Stone Soup version 0.29.1-14-g9c671dbff4 (webtiles) character file.

Game seed: 15561198791524221017

21435 CrazyMind the Cruncher (level 12, 0/92 HPs)
             Began as a Gnoll Wanderer on Feb 13, 2023.
             Was an Initiate of Gozag.
             Slain by a seven-headed hydra (7 damage)
             ... on level 4 of the Lair of Beasts on Feb 19, 2023.
             The game lasted 01:42:16 (20207 turns).

CrazyMind the Cruncher (Gnoll Wanderer)            Turns: 20207, Time: 01:42:16

Health: 0/92       AC: 11    Str: 10    XL:     12   Next: 90%
Magic:  17/26      EV: 16    Int: 28    God:    Gozag
Gold:   1418       SH:  7    Dex: 19    Spells: 13/32 levels left

rFire   + . .      SeeInvis +   D - +8 sling of Agony {venom, rC+ Stlth+}
rCold   + . .      Faith    .   X - +0 buckler
rNeg    + . .      Spirit   .   V - +1 leather armour "Nourghohyrgh" {rPois rF+ Int+4 SInv}
rPois   +          Reflect  .   B - +1 helmet {Int+3}
rElec   .          Harm     .   W - +0 cloak of Agoraphobia {Rampage Int+4 SInv}
rCorr   .          Rampage  +   (no gloves)
Will    .....                   F - +1 pair of boots
Stlth   +++++.....              (no amulet)
HPRegen 0.25/turn               r - ring of positive energy
MPRegen 0.20/turn               d - +6 ring of dexterity

@: gold aura, hasted, very quick
A: fangs 1, strong nose, distributed training
a: Renounce Religion, Potion Petition, Call Merchant, Bribe Branch


You were on level 4 of the Lair of Beasts.
You worshipped Gozag.
Gozag was most pleased with you.
You visited 3 branches of the dungeon, and saw 15 of its levels.

You collected 2435 gold pieces.
You spent 896 gold pieces at shops.
You paid 121 gold pieces to Gozag.

Inventory:

Hand Weapons
 c - a +0 dagger
 D - the +8 sling of Agony (weapon) {venom, rC+ Stlth+}
   (You found it on level 5 of the Dungeon)

   Any ammunition fired from it poisons the flesh of those it strikes.
   rC:        It protects you from cold.
   Stlth:     It makes you more stealthy.
Missiles
 b - 30 poisoned darts
 f - 6 datura-tipped darts
 E - 16 boomerangs
 Q - 2 throwing nets
 T - a curare-tipped dart
 Z - 3 javelins
Armour
 B - a +1 helmet of intelligence (worn)
 F - a +1 pair of boots (worn)
 V - the +1 leather armour "Nourghohyrgh" (worn) {rPois rF+ Int+4 SInv}
   (You bought it in a shop on level 9 of the Dungeon)

   Int:       It affects your intelligence (+4).
   rF:        It protects you from fire.
   rPois:     It protects you from poison.
   SInv:      It lets you see invisible.
 W - the +0 cloak of Agoraphobia (worn) {Rampage Int+4 SInv}
   (You found it on level 9 of the Dungeon)

   Int:       It affects your intelligence (+4).
   SInv:      It lets you see invisible.
   Rampage:   It bestows one free step when moving towards enemies.
 X - a +0 buckler (worn)
Magical Staves
 q - a staff of poison
Jewellery
 d - a +6 ring of dexterity (right hand)
 e - a ring of ice
 r - a ring of positive energy (left hand)
 u - a ring of fire
Wands
 j - a wand of digging (1)
 o - a wand of flame (31)
 N - a wand of iceblast (28)
 S - a wand of polymorph (12)
 Y - a wand of mindburst (8)
Scrolls
 a - a scroll of summoning
 h - 2 scrolls of enchant weapon {unknown}
 m - 2 scrolls of silence
 n - 3 scrolls of poison
 s - 3 scrolls of fear {unknown}
 w - a scroll of enchant armour {unknown}
 C - 2 scrolls of amnesia {unknown}
 J - 2 scrolls of magic mapping {unknown}
 K - 4 scrolls of teleportation
 P - 4 scrolls of blinking {unknown}
 R - a scroll of torment {unknown}
Potions
 g - a potion of ambrosia {unknown}
 i - 2 potions of cancellation
 l - 3 potions of invisibility
 t - 3 potions of resistance
 v - 5 potions of curing
 x - a potion of magic {unknown}
 A - a potion of flight {unknown}
 G - a potion of haste
 H - 2 potions of mutation {unknown}
 I - 2 potions of degeneration {unknown}
 L - a potion of brilliance {unknown}
 M - 3 potions of berserk rage
 U - a potion of heal wounds
Miscellaneous
 k - a phantom mirror


   Skills:
 + Level 8.0 Fighting
 + Level 8.0 Short Blades
 + Level 8.0 Long Blades
 + Level 8.0 Axes
 + Level 8.0 Maces & Flails
 + Level 8.0 Polearms
 + Level 11.6 Staves
 + Level 8.0 Ranged Weapons
 + Level 9.3 Throwing
 + Level 8.0 Armour
 + Level 8.5 Dodging
 + Level 8.0 Stealth
 + Level 8.0 Shields
 + Level 8.0 Unarmed Combat
 + Level 10.7 Spellcasting
 + Level 6.6 Conjurations
 + Level 6.6 Hexes
 + Level 6.6 Summonings
 + Level 6.6 Necromancy
 + Level 6.6 Translocations
 + Level 6.6 Transmutations
 + Level 6.6 Fire Magic
 + Level 6.6 Ice Magic
 + Level 6.6 Air Magic
 + Level 6.6 Earth Magic
 + Level 6.6 Poison Magic
 + Level 8.8 Invocations
 + Level 8.0 Evocations


You had 13 spell levels left.
You knew the following spells:

 Your Spells              Type           Power      Damage    Failure   Level
a - Sting                 Tmut/Pois      100%       1d8       1%          1
b - Searing Ray           Conj           100%       2d8       1%          2
c - Mephitic Cloud        Conj/Pois/Air  51%        N/A       1%          3
d - Confusing Touch       Hex            51%        N/A       1%          3
e - Conjure Flame         Conj/Fire      51%        6-21      1%          3
f - Ignite Poison         Fire/Tmut/Pois 51%        N/A       1%          3
g - Fulminant Prism       Conj/Hex       25%        3d14      3%          4

Your spell library contained the following spells:

 Spells                   Type           Power      Damage    Failure   Level
 Magic Dart               Conj           100%       1d8       1%          1
 Olgreb's Toxic Radiance  Pois           51%        N/A       3%          4
 Sticky Flame             Conj/Fire      51%        2d7       3%          4
 Blade Hands              Tmut           25%        N/A       11%         5
 Irradiate                Conj/Tmut      25%        3d20      11%         5
 Yara's Violent Unravell  Hex/Tmut       25%        3d11      11%         5
 Dragon Form              Tmut           25%        N/A       97%         7
 Enfeeble                 Hex            25%        N/A       97%         7
 Ozocubu's Refrigeration  Ice            25%        4d13      97%         7
 Ignition                 Fire           25%        3d9       100%        8


Dungeon Overview and Level Annotations

Branches:
Dungeon (10/15)            Temple (1/1) D:4            Lair (4/5) D:9
 Shoals (0/4) Lair:3        Snake (0/4) Lair:2
  Slime: Lair:4-5       Orc: D:9-12

Altars:
Ashenzari
Cheibriados
Dithmenos
Elyvilon
Fedhas
Gozag
Hepliaklqana
Kikubaaqudgha
Makhleb
Nemelex Xobeh
Okawaru
Qazlal
Ru
Sif Muna
Trog
Uskayaw
Vehumet
Wu Jian
Xom
Yredelemnul
Zin
The Shining One

Shops:
D:9 [[:[

Annotations:
D:5 exclusion: moth of wrath
Lair:3 2 transporters, Gipsiqug's ghost, journeyman MiHW


Innate Abilities, Weirdness & Mutations

You have very sharp teeth.
Your uncanny sense of smell can sniff out nearby items.
Your experience applies equally to all skills.


Message History

The ball explodes into a vile cloud!
The stinking cloud engulfs the plant but does no damage.
The stinking cloud engulfs the seven-headed hydra but does no damage.
The seven-headed hydra is moderately wounded.
The stinking cloud engulfs the blink frog but does no damage.
The stinking cloud engulfs you but does no damage.
The seven-headed hydra bites you but does no damage.
The seven-headed hydra bites you! The seven-headed hydra misses you.
The seven-headed hydra barely misses you.
The seven-headed hydra bites you! x2
You block the seven-headed hydra's attack.
The blink frog blinks!
The blink frog blinks!
Casting: Mephitic Cloud (safe; 1% risk of failure)
Confirm with . or Enter, or press ? or * to list all spells.
You ignite the poison in your surroundings!
The plant is engulfed in blazing flames.
The plant begins to die.
The seven-headed hydra is engulfed in blazing flames.
The seven-headed hydra bites you. x3
* * * LOW HITPOINT WARNING * * *
The seven-headed hydra bites you!
* * * LOW HITPOINT WARNING * * *
The seven-headed hydra bites you.
* * * LOW HITPOINT WARNING * * *
The seven-headed hydra bites you but does no damage.
The seven-headed hydra bites you!
* * * LOW HITPOINT WARNING * * *
The blink frog blinks!
You feel yourself speed up.
The plant is engulfed in blazing flames.
The seven-headed hydra is engulfed in blazing flames.
The seven-headed hydra closely misses you.
The seven-headed hydra bites you but does no damage.
You block the seven-headed hydra's attack.
The seven-headed hydra misses you.
The seven-headed hydra completely misses you.
The seven-headed hydra bites you!
You die...
Your body crumbles into a pile of gold.

.#....#......§....###.
........#..........###
......#..#.....#......
~~~.#...........#...
#~>.#.###..........
#~..#..#...........
##~.............P...
#P~.................
#~~@................
##~D#..##.#.........
#P$○#### ###........
##§..###..##........
#hF§........ .(.#...
~~~~~~F........
................
D.#....###......
##..... ......


You could see a seven-headed hydra, a polar bear and 2 blink frogs.

Vanquished Creatures
  A hydra (Lair:3)
  A boulder beetle (D:7)
  A lindwurm (Lair:3)
  A merfolk siren (Lair:3)
  2 black mambas
  7 cane toads
  A torpor snail (Lair:3)
  Psyche (D:8)
  3 komodo dragons
  A troll (D:9)
  A polar bear (Lair:2)
  Prince Ribbit (D:6)
  8 blink frogs
  A vampire (D:10)
  31 yaks
  5 wyverns
  6 basilisks
  A steam dragon (D:7)
  Menkaure (D:6)
  3 nagas (Lair:2)
  14 water moccasins
  Duvessa (D:4)
  An ice beast (D:5)
  3 orc warriors
  3 black bears (D:9)
  5 wolves (Lair:3)
  3 centaurs
  3 phantoms
  Blork the orc (D:5)
  3 kobold brigands
  12 bullfrogs
  A gnoll sergeant (D:8)
  2 scorpions
  A water moccasin zombie (D:5)
  15 wights
  7 killer bees (D:8)
  4 howler monkeys
  3 bullfrog zombies (D:5)
  2 jellies
  2 centaur zombies (D:5)
  3 hounds
  2 bullfrog skeletons (D:5)
  4 orc priests
  2 gnoll boudas
  2 iguanas
  8 orc wizards
  A hound zombie (D:5)
  A howler monkey zombie (D:5)
  20 gnolls
  5 adders
  A white imp (D:6)
  An ufetubus (D:7)
  2 adder skeletons (D:5)
  4 worms
  2 dart slugs (D:1)
  28 orcs
  An endoplasm (D:1)
  3 giant cockroaches (D:1)
  8 goblins
  3 hobgoblins
  8 jackals
  16 kobolds
  6 quokkas
  10 ball pythons
  7 bats
  2 frilled lizards (D:2)
  7 rats
320 creatures vanquished.

Vanquished Creatures (others)
  Dowan (D:4)
  4 fulminant prisms
  60 fungi
  61 plants
  3 withered plants (D:5)
129 creatures vanquished.

Grand Total: 449 creatures vanquished

Notes
Turn   | Place    | Note
-------+----------+-------------------------------------------
     0 | D:1      | CrazyMind the Gnoll Wanderer began the quest for the Orb.
     0 | D:1      | CrazyMind set off with the following items: a +0 vorpal
                  | quarterstaff, 12 poisoned darts, a +0 dagger, a potion of
                  | lignification, a +0 robe; and the following spell
                  | memorised: Sting; and the following spells available to
                  | memorise: Mephitic Cloud.
     0 | D:1      | Reached XP level 1. HP: 13/13 MP: 8/8
   101 | D:1      | Reached XP level 2. HP: 19/19 MP: 8/10
   234 | D:1      | Found a faded altar of an unknown god.
   933 | D:1      | Reached XP level 3. HP: 23/25 MP: 11/11
  1344 | D:2      | Reached skill level 1 in Invocations
  1617 | D:2      | Reached skill level 1 in Fighting
  1617 | D:2      | Reached skill level 1 in Short Blades
  1617 | D:2      | Reached skill level 1 in Long Blades
  1617 | D:2      | Reached skill level 1 in Axes
  1617 | D:2      | Reached skill level 1 in Maces & Flails
  1617 | D:2      | Reached skill level 1 in Polearms
  1617 | D:2      | Reached skill level 1 in Ranged Weapons
  1617 | D:2      | Reached skill level 1 in Armour
  1617 | D:2      | Reached skill level 1 in Stealth
  1617 | D:2      | Reached skill level 1 in Shields
  1617 | D:2      | Reached skill level 1 in Unarmed Combat
  1617 | D:2      | Reached skill level 1 in Evocations
  1959 | D:2      | Reached XP level 4. HP: 25/32 MP: 9/13
  2232 | D:2      | Reached skill level 1 in Conjurations
  2232 | D:2      | Reached skill level 1 in Hexes
  2232 | D:2      | Reached skill level 1 in Summonings
  2232 | D:2      | Reached skill level 1 in Necromancy
  2232 | D:2      | Reached skill level 1 in Translocations
  2232 | D:2      | Reached skill level 1 in Transmutations
  2232 | D:2      | Reached skill level 1 in Fire Magic
  2232 | D:2      | Reached skill level 1 in Ice Magic
  2232 | D:2      | Reached skill level 1 in Air Magic
  2232 | D:2      | Reached skill level 1 in Earth Magic
  2232 | D:2      | Reached skill level 1 in Poison Magic
  2911 | D:3      | Reached XP level 5. HP: 37/37 MP: 14/14
  3164 | D:3      | Found a shimmering altar of Xom.
  3818 | D:4      | Found a broken altar of Ashenzari.
  3824 | D:4      | Found a staircase to the Ecumenical Temple.
  3836 | Temple   | Entered the Ecumenical Temple
  4136 | D:4      | Learned a level 2 spell: Searing Ray
  4140 | D:4      | Learned a level 3 spell: Mephitic Cloud
  4397 | D:4      | Noticed Dowan
  4399 | D:4      | Noticed Duvessa
  4403 | D:4      | Killed Dowan
  4410 | D:4      | Killed Duvessa
  4411 | D:4      | Reached skill level 5 in Throwing
  4411 | D:4      | Reached XP level 6. HP: 29/44 MP: 10/16
  4939 | D:5      | Entered Level 5 of the Dungeon
  5181 | D:5      | Reached XP level 7. HP: 40/51 MP: 9/18
  5467 | D:5      | Reached skill level 9 in Staves
  6619 | D:5      | Noticed a moth of wrath
  6621 | D:5      | Found a bloodstained altar of Trog.
  6683 | D:5      | Reached XP level 8. HP: 52/58 MP: 19/19
  6862 | D:5      | Noticed Blork the orc
  6898 | D:5      | Killed Blork the orc
  7309 | D:5      | Found a snail-covered altar of Cheibriados.
  7309 | D:5      | Found a shimmering blue altar of Sif Muna.
  7629 | D:5      | Identified the +8 sling of Agony {venom, rC+ Stlth+}
  7945 | D:6      | Noticed Prince Ribbit
  7955 | D:6      | Killed Prince Ribbit
  8159 | D:6      | Reached XP level 9. HP: 50/65 MP: 21/21
  8454 | D:6      | Noticed Menkaure
  8462 | D:6      | Killed Menkaure
  8536 | D:6      | Reached skill level 5 in Dodging
  8872 | D:6      | Learned a level 3 spell: Confusing Touch
  8911 | D:6      | Found an opulent altar of Gozag.
  8921 | D:6      | Became a worshipper of Gozag Ym Sagoz the Greedy
  9416 | D:7      | Noticed a boulder beetle
  9594 | D:7      | Found a blossoming altar of Fedhas.
  9597 | D:7      | Found an ancient bone altar of Kikubaaqudgha.
  9685 | D:7      | Killed a boulder beetle
  9686 | D:7      | Reached skill level 5 in Invocations
 10205 | D:7      | Learned a level 3 spell: Conjure Flame
 10209 | D:7      | Learned a level 3 spell: Ignite Poison
 10258 | D:7      | Found a stormy altar of Qazlal.
 10288 | D:7      | Reached skill level 5 in Fighting
 10288 | D:7      | Reached skill level 5 in Short Blades
 10288 | D:7      | Reached skill level 5 in Long Blades
 10288 | D:7      | Reached skill level 5 in Axes
 10288 | D:7      | Reached skill level 5 in Maces & Flails
 10288 | D:7      | Reached skill level 5 in Polearms
 10288 | D:7      | Reached skill level 5 in Ranged Weapons
 10288 | D:7      | Reached skill level 5 in Armour
 10288 | D:7      | Reached skill level 5 in Stealth
 10288 | D:7      | Reached skill level 5 in Shields
 10288 | D:7      | Reached skill level 5 in Unarmed Combat
 10288 | D:7      | Reached skill level 5 in Evocations
 10288 | D:7      | Reached XP level 10. HP: 73/74 MP: 22/22
 10319 | D:7      | Reached skill level 10 in Staves
 10881 | D:8      | Noticed Psyche
 11895 | D:9      | Found Kuosmyipp's Armour Shoppe.
 11899 | D:9      | Bought the +1 leather armour "Nourghohyrgh" {rPois rF+
                  | Int+4 SInv} for 529 gold pieces
 11915 | D:9      | Found Setraczy's Armour Shoppe.
 11926 | D:9      | Bought a +1 helmet of intelligence for 214 gold pieces
 11950 | D:9      | Identified the +0 cloak of Agoraphobia {Rampage Int+4 SInv}
 12000 | D:9      | Found Jadue's Book Boutique.
 12124 | D:9      | Found a staircase to the Lair.
 12164 | D:9      | Found Jexil's Antique Armour Boutique.
 12260 | D:9      | Bought a buckler for 153 gold pieces
 12831 | D:8      | Killed Psyche
 12913 | D:8      | Found a sacrificial altar of Ru.
 13001 | D:10     | Entered Level 10 of the Dungeon
 13064 | D:10     | Reached skill level 5 in Conjurations
 13064 | D:10     | Reached skill level 5 in Hexes
 13064 | D:10     | Reached skill level 5 in Summonings
 13064 | D:10     | Reached skill level 5 in Necromancy
 13064 | D:10     | Reached skill level 5 in Translocations
 13064 | D:10     | Reached skill level 5 in Transmutations
 13064 | D:10     | Reached skill level 5 in Fire Magic
 13064 | D:10     | Reached skill level 5 in Ice Magic
 13064 | D:10     | Reached skill level 5 in Air Magic
 13064 | D:10     | Reached skill level 5 in Earth Magic
 13064 | D:10     | Reached skill level 5 in Poison Magic
 13084 | D:10     | Reached XP level 11. HP: 81/81 MP: 24/24
 13790 | D:10     | Found a shadowy altar of Dithmenos.
 13790 | D:10     | Found an iron altar of Okawaru.
 14058 | Lair:1   | Entered Level 1 of the Lair of Beasts
 15920 | Lair:1   | Reached skill level 10 in Spellcasting
 16096 | Lair:2   | Reached skill level 11 in Staves
 16360 | Lair:2   | Reached XP level 12. HP: 77/91 MP: 26/26
 17389 | Lair:2   | Found a staircase to the Snake Pit.
 17669 | Lair:2   | Learned a level 4 spell: Fulminant Prism
 17777 | Lair:3   | Noticed an eight-headed hydra
 17795 | Lair:3   | HP: 4/91 [eight-headed hydra (7)]
 17822 | Lair:3   | Killed an eight-headed hydra
 18411 | Lair:3   | Found a transporter.
 18412 | Lair:3   | Found a staircase to the Shoals.
 18573 | Lair:3   | Noticed Gipsiqug's ghost (journeyman MiHW)
 19109 | Lair:3   | Found a transporter.
 19130 | Lair:3   | Found a shimmering altar of Xom.
 20197 | Lair:4   | Noticed a seven-headed hydra
 20207 | Lair:4   | Slain by a seven-headed hydra

Illustrated notes

Levels and vault maps discovered:
D:1:      lightli_arrival_quake, layout_basic,
          hellmonk_ecumenical_altar_blasted, dreamdust_princess_corridor,
          serial_park_tiny_2, nicolae_figureground_pulse
D:2:      wad_woods_tower, layout_rooms
D:3:      layout_loops_ring, nicolae_overflow_hidden_temple
D:4:      layout_cave_pods, ashenzari_conservatory_becter,
          minmay_temple_entry_grid, uniq_duvessa
D:5:      layout_cave_pools, tgw_trog, gammafunk_temple_overflow_wave,
          serial_undead, serial_undead_a, serial_undead_d, serial_undead_b,
          serial_undead_c, serial_undead_d, serial_undead_a, serial_undead_b,
          uniq_blork_the_orc
D:6:      layout_basic, kennysheep_mini_moat, uniq_prince_ribbit1, uniq_menkaure
D:7:      layout_rooms, grunt_temple_overflow_growth_and_decay,
          mainiacjoe_overflow_brackets, kennysheep_generic_room_6
D:8:      layout_rooms, lemuel_coloured_pillars_altar, uniq_psyche
D:9:      layout_gridville, due_lair_maze_entry_diamond, serial_shops, shop,
          shop_fountains, shop, shop
D:10:     layout_big_octagon, nicolae_overflow_two_pavilions
Temple:   cyrus_temple_forest
Lair:1:   layout_cave_pods
Lair:2:   layout_chaotic_city, minmay_snake_entry_guardpost_small,
          lemuel_fruit_tree, serial_bayou_shore_b, infiniplex_staircase_pool,
          grunt_megastairs_5
Lair:3:   layout_cave_pods, minmay_shoals_entry_lonely_mermaid,
          gammafunk_ghost_berserking_beasts, basic_altar
Lair:4:   cheibrodos_lair_river_kwai, layout_gridlike, slime_entry_2

Skill      XL: |  1  2  3  4  5  6  7  8  9 10 11 12 |
---------------+-------------------------------------+-----
Invocations    | 1 2 3 4 5 6 7 8 |  8.8
Fighting       | 1 2 3 5 6 7 8 |  8.0
Short Blades   | 1 2 3 5 6 7 8 |  8.0
Long Blades    | 1 2 3 5 6 7 8 |  8.0
Axes           | 1 2 3 5 6 7 8 |  8.0
Maces & Flails | 1 2 3 5 6 7 8 |  8.0
Polearms       | 1 2 3 5 6 7 8 |  8.0
Ranged Weapons | 1 2 3 5 6 7 8 |  8.0
Armour         | 1 2 3 5 6 7 8 |  8.0
Stealth        | 1 2 3 5 6 7 8 |  8.0
Shields        | 1 2 3 5 6 7 8 |  8.0
Unarmed Combat | 1 2 3 5 6 7 8 |  8.0
Evocations     | 1 2 3 5 6 7 8 |  8.0
Conjurations   | 1 2 3 4 5 6 |  6.6
Hexes          | 1 2 3 4 5 6 |  6.6
Summonings     | 1 2 3 4 5 6 |  6.6
Necromancy     | 1 2 3 4 5 6 |  6.6
Translocations | 1 2 3 4 5 6 |  6.6
Transmutations | 1 2 3 4 5 6 |  6.6
Fire Magic     | 1 2 3 4 5 6 |  6.6
Ice Magic      | 1 2 3 4 5 6 |  6.6
Air Magic      | 1 2 3 4 5 6 |  6.6
Earth Magic    | 1 2 3 4 5 6 |  6.6
Poison Magic   | 1 2 3 4 5 6 |  6.6
Dodging        | 3 4 5 6 7 8 |  8.5
Throwing       | 5 6 7 8 9 |  9.3
Staves         | 9 10 11 | 11.6
Spellcasting   | 8 9 10 | 10.7

Action                   |  1- 3 |  4- 6 |  7- 9 | 10-12 || total
-------------------------+-------+-------+-------+-------++-------
Melee: Quarterstaff      |   144 |    55 |   126 |     6 ||   331
       Bite              |    13 |     6 |    23 |     3 ||    45
       Dagger            |       |       |    18 |       ||    18
       Staff             |       |       |     2 |       ||     2
       Sling             |       |       |       |     2 ||     2
 Fire: Sling             |       |       |    87 |   650 ||   737
Throw: Dart              |     3 |    38 |    14 |       ||    55
 Cast: Sting             |     9 |    35 |    22 |       ||    66
       Searing Ray       |       |     7 |    16 |     2 ||    25
       Mephitic Cloud    |       |       |     6 |    15 ||    21
       Confusing Touch   |       |       |     1 |     1 ||     2
       Ignite Poison     |       |       |       |    10 ||    10
       Conjure Flame     |       |       |       |     8 ||     8
       Fulminant Prism   |       |       |       |     4 ||     4
Evoke: Wand              |       |       |    12 |       ||    12
  Use: Potion            |       |     2 |       |     5 ||     7
       Scroll            |       |     2 |     1 |     9 ||    12
 Stab: Sleeping          |     1 |     5 |     3 |       ||     9
       Confused          |       |       |     4 |       ||     4
Armor: Robe              |    28 |     4 |       |       ||    32
       Skin              |       |     5 |       |       ||     5
       Leather armour    |       |     3 |    29 |    67 ||    99
Dodge: Dodged            |    81 |    65 |   128 |   234 ||   508
Block: Buckler           |       |       |       |    77 ||    77
